 Dungeon Crawl Stone Soup version 0.28.0-43-g3370ac3207 (webtiles) character file.

Game seed: 12527171547885177589

4307 boopmooplesden the Cleaver (level 10, -3/86 HPs)
             Began as a Minotaur Fighter on Mar 8, 2022.
             Was an Elder of Okawaru.
             Killed by divine providence
             ... invoked by a smoke demon
             ... summoned by a kobold demonologist
              (13 damage)
             ... in a bailey.
             The game lasted 00:09:34 (6396 turns).

boopmooplesden the Cleaver (Minotaur Fighter)       Turns: 6396, Time: 00:09:35

Health: -3/86      AC: 10    Str: 24    XL:     10   Next: 11%
Magic:  7/9        EV: 11    Int:  5    God:    Okawaru [****..]
Gold:   356        SH: 11    Dex: 11    Spells: 9/9 levels left

rFire   . . .      SeeInvis .   a - +8 morningstar (holy)
rCold   . . .      Faith    .   c - +1 buckler
rNeg    + . .      Spirit   .   m - +2 scale mail "Siowoth" {Drain rPois rN+ Will++}
rPois   +          Reflect  +   (helmet restricted)
rElec   .          Harm     +   A - scarf {harm}
rCorr   .          Rampage  .   (no gloves)
Will    ++...                   (no boots)
Stlth   ..........              h - amulet of reflection
HPRegen 0.24/turn               e - ring of flight
MPRegen 0.11/turn               (no ring)

@: flying
A: horns 2, retaliatory headbutt
a: Renounce Religion, Heroism, Finesse


You were in a bailey.
You worshipped Okawaru.
Okawaru was greatly pleased with you.
You visited 2 branches of the dungeon, and saw 8 of its levels.
You also visited: Bailey.

You collected 473 gold pieces.
You spent 117 gold pieces at shops.

Inventory:

Hand Weapons
 a - a +8 morningstar of holy wrath (weapon)
 b - the +6 hunting sling "Haqey" {freeze, Will+}
   (You acquired it in a bailey)

   Any ammunition fired from it freezes those it strikes, dealing additional
   cold damage.
   It can also slow down cold-blooded creatures.
   Will:      It increases your willpower.
 w - a +0 war axe
Missiles
 f - 52 sling bullets
 g - 18 poisoned darts (quivered)
 k - a throwing net
Armour
 c - a +1 buckler (worn)
 m - the +2 scale mail "Siowoth" (worn) {Drain rPois rN+ Will++}
   (You found it on level 2 of the Dungeon)

   rPois:     It protects you from poison.
   rN:        It protects you from negative energy.
   Drain:     It drains your maximum health when unequipped.
   Will:      It greatly increases your willpower.
 v - a +0 plate armour
 A - a scarf of harm (worn)
 D - a +0 scale mail
Jewellery
 e - a ring of flight (left hand)
 h - an amulet of reflection (around neck)
 j - an amulet of the acrobat
 q - a ring of resist corrosion
 r - an amulet of faith
 s - an amulet of magic regeneration
 u - a ring of ice
 B - an amulet of regeneration
Wands
 l - a wand of flame (36)
 y - a wand of iceblast (7)
Scrolls
 o - 6 scrolls of identify
 x - a scroll of noise {unknown}
 C - a scroll of magic mapping
Potions
 d - 2 potions of might
 i - a potion of curing
 n - a potion of magic {unknown}
 p - a potion of mutation {unknown}
 t - a potion of attraction {unknown}
 z - a potion of degeneration {unknown}


   Skills:
 + Level 7.3 Fighting
 + Level 9.6(10.6) Axes
 + Level 7.0(9.3) Maces & Flails
 + Level 0.5 Throwing
 + Level 8.2 Armour
 + Level 3.7 Dodging
 + Level 1.5 Stealth
 + Level 7.9 Shields
 + Level 0.8 Invocations


You had 9 spell levels left.
You didn't know any spells.
Your spell library contained the following spells:

 Spells                   Type           Power      Damage    Failure   Level
 Ensorcelled Hibernation  Hex/Ice        0%         N/A       91%         2
 Static Discharge         Conj/Air       0%         N/A       91%         2
 Frozen Ramparts          Ice            0%         1d2       99%         3
 Spider Form              Tmut/Pois      0%         N/A       99%         3
 Anguish                  Hex/Necr       0%         N/A       100%        4
 Dispel Undead            Necr           0%         3d6       100%        4
 Ice Form                 Ice/Tmut       0%         N/A       100%        4
 Sticky Flame             Conj/Fire      0%         2d3       100%        4
 Summon Ice Beast         Ice/Summ       Unusable   N/A       N/A         4

Dungeon Overview and Level Annotations

Branches:
Dungeon (7/15)             Temple (1/1) D:4          Bailey (1/1)

Altars:
Ashenzari
Cheibriados
Dithmenos
Elyvilon
Fedhas
Gozag
Hepliaklqana
Kikubaaqudgha
Makhleb
Nemelex Xobeh
Okawaru
Qazlal
Ru
Trog
Uskayaw
Vehumet
Yredelemnul
Zin
The Shining One

Shops:
D:6 *


Innate Abilities, Weirdness & Mutations

You have a pair of horns on your head.
You reflexively headbutt those who attack you in melee.


Message History

You hit the orc knight but do no damage.
The orc knight is moderately wounded.
You block the ufetubus's attack. The ufetubus barely misses you.
The kobold demonologist mumbles some strange words.
The orc knight closely misses you.
The iron imp disappears for a moment.
You block the iron imp's attack. The ufetubus closely misses you.
You furiously retaliate!
You headbutt the ufetubus.
You kill the ufetubus!
The ufetubus disappears in a puff of smoke!
You bludgeon the orc knight!! You headbutt the orc knight.
The orc knight is almost dead.
The orc knight hits you with a +0 war axe!
* * * LOW HITPOINT WARNING * * *
You bludgeon the orc knight!!
You kill the orc knight!
Okawaru is honoured by your kill.
You can now speed up your combat.
You block the iron imp's attack.
The kobold demonologist looks braver for a moment.
The gnoll completely misses you.
You have reached level 10!
You puncture the gnoll!
The gnoll is severely wounded.
The iron imp hits you but does no damage.
The kobold demonologist mumbles some strange words.
You barely miss the gnoll. Your headbutt misses the gnoll.
The gnoll is severely wounded.
You block the gnoll's attack.
You puncture the gnoll!
You kill the gnoll!
Okawaru accepts your kill. You block the iron imp's attack.
The smoke demon gestures at you. Something smites you!
* * * LOW HITPOINT WARNING * * *
Your base Maces & Flails skill increases to level 7!
You feel like a meek peon again. The smoke demon gestures at you.
Something smites you!
You die...

.......#.....'.)..#≈≈≈≈≈#
.8.8.8)).....#....#≈≈≈≈≈#
)..##############.#≈≈≈≈≈#
)).# +..#)≈≈≈≈≈≈# ...#.
#..#.≈≈≈≈≈≈# ####5.
#..#.≈≈≈≈≈≈# ..##.K.
#########)≈≈≈≈≈≈#
..##....#..8)8..#.≈≈≈≈≈≈#
..##.._.'.K4535.@∩≈≈≈≈≈≈#
..##....#..8)8..#.≈≈≈≈≈≈#
..##... #########.≈≈≈≈≈≈#
####.. #.≈≈≈≈≈≈# #.
#.≈≈≈≈≈≈# # )#.≈≈≈≈≈≈#
##.#≈≈≈≈≈# ..#≈≈≈≈≈#


You could see a kobold demonologist, a smoke demon (summoned), a red devil
(summoned), an iron imp (summoned) and a crimson imp (summoned).

Vanquished Creatures
  3 orc knights (Bailey)
  A kobold demonologist (Bailey)
  Grinder (D:3)
  6 orc warriors (Bailey)
  An ice beast (D:5)
  Duvessa (D:6)
  3 black bears (D:5)
  5 ogres
  A kobold brigand (D:6)
  3 scorpions (D:5)
  Dowan (D:6)
  A bullfrog zombie (D:5)
  3 centaur skeletons
  2 gnoll shamans
  4 hounds
  A jelly (D:5)
  Ijyb (D:5)
  2 iguanas
  2 orc wizards (D:4)
  11 adders
  11 gnolls
  2 ufetubi
  2 adder skeletons (D:4)
  An adder zombie (D:5)
  A worm (D:5)
  2 dart slugs
  14 orcs
  3 endoplasms
  5 giant cockroaches
  11 goblins
  5 hobgoblins
  5 jackals (D:2)
  10 kobolds
  5 quokkas
  13 ball pythons
  5 bats
  8 frilled lizards
  6 rats
162 creatures vanquished.

Vanquished Creatures (others)
  A quokka (D:4)
  A kobold (D:3)
  17 plants
19 creatures vanquished.

Grand Total: 181 creatures vanquished

Notes
Turn   | Place    | Note
-------+----------+-------------------------------------------
     0 | D:1      | boopmooplesden the Minotaur Fighter began the quest for the
                  | Orb.
     0 | D:1      | Reached XP level 1. HP: 19/19 MP: 0/0
   185 | D:1      | Reached XP level 2. HP: 24/27 MP: 1/1
   646 | D:2      | Reached XP level 3. HP: 31/33 MP: 2/2
   656 | D:2      | Reached skill level 3 in Axes
   847 | D:2      | Found a faded altar of an unknown god.
   847 | D:2      | You are sucked into a shaft and drop 1 floor!
  1011 | D:3      | Noticed Grinder
  1158 | D:2      | Identified the +2 scale mail "Siowoth" {Drain rPois rN+
                  | Will++}
  1252 | D:2      | Reached XP level 4. HP: 40/40 MP: 3/3
  1596 | D:3      | Reached skill level 4 in Axes
  1630 | D:3      | Killed Grinder
  1631 | D:3      | Reached skill level 5 in Axes
  1631 | D:3      | Reached skill level 1 in Dodging
  1631 | D:3      | Reached skill level 5 in Shields
  1631 | D:3      | Reached XP level 5. HP: 40/47 MP: 4/4
  1631 | D:3      | Reached XP level 6. HP: 45/53 MP: 5/5
  1722 | D:3      | Found a faded altar of an unknown god.
  2136 | D:3      | Found a broken altar of Ashenzari.
  2405 | D:3      | Found a burning altar of Makhleb.
  2533 | D:4      | Reached skill level 6 in Axes
  2533 | D:4      | Reached skill level 5 in Armour
  2687 | D:4      | Reached XP level 7. HP: 46/60 MP: 6/6
  2706 | D:4      | Found a white marble altar of Elyvilon.
  2748 | D:4      | Reached skill level 7 in Axes
  2925 | D:4      | Found a staircase to the Ecumenical Temple.
  3080 | Temple   | Entered the Ecumenical Temple
  3094 | Temple   | Became a worshipper of Warmaster Okawaru
  3246 | D:4      | Reached skill level 5 in Fighting
  3454 | D:5      | Entered Level 5 of the Dungeon
  3464 | D:5      | Noticed Ijyb
  3468 | D:5      | Found an ancient bone altar of Kikubaaqudgha.
  3474 | D:5      | Killed Ijyb
  3883 | D:5      | Reached * piety under Okawaru
  3884 | D:5      | Reached skill level 8 in Axes
  3884 | D:5      | Reached XP level 8. HP: 66/68 MP: 7/7
  4171 | D:5      | Found a stormy altar of Qazlal.
  4581 | D:5      | Found a snail-covered altar of Cheibriados.
  4585 | D:5      | Found a sparkling altar of Nemelex Xobeh.
  4754 | D:5      | Reached skill level 9 in Axes
  4758 | D:5      | Reached ** piety under Okawaru
  4830 | D:5      | Reached skill level 1 in Stealth
  5159 | D:6      | Found a hide-covered altar of Uskayaw.
  5323 | D:6      | Noticed Duvessa
  5323 | D:6      | Noticed Dowan
  5332 | D:6      | Killed Duvessa
  5334 | D:6      | Killed Dowan
  5335 | D:6      | Reached XP level 9. HP: 66/75 MP: 5/8
  5554 | D:6      | Found Deig's Neck Hole.
  5560 | D:6      | Bought a scarf of harm for 117 gold pieces
  5822 | D:7      | Found a flagged portal.
  5843 | Bailey   | Entered a bailey
  5866 | Bailey   | Reached skill level 1 in Maces & Flails
  6101 | Bailey   | Noticed an orc knight
  6111 | Bailey   | Killed an orc knight
  6260 | Bailey   | Noticed a kobold demonologist
  6269 | Bailey   | Killed a kobold demonologist
  6269 | Bailey   | Reached *** piety under Okawaru
  6270 | Bailey   | Reached skill level 5 in Maces & Flails
  6308 | Bailey   | Noticed an orc knight
  6314 | Bailey   | Killed an orc knight
  6330 | Bailey   | Acquired the +6 hunting sling "Haqey" {freeze, Will+}
  6373 | Bailey   | Found an iron altar of Okawaru.
  6373 | Bailey   | Noticed a kobold demonologist
  6373 | Bailey   | Noticed an orc knight
  6389 | Bailey   | Noticed a smoke demon
  6390 | Bailey   | Killed an orc knight
  6390 | Bailey   | Reached **** piety under Okawaru
  6391 | Bailey   | Reached XP level 10. HP: 25/86 MP: 6/9
  6396 | Bailey   | Killed from afar by a smoke demon

Illustrated notes

Levels and vault maps discovered:
D:1:      evilmike_arrival_fibonacci_small, layout_rooms, serial_rivers,
          chequers_serial_rivers_micro_a, chequers_serial_rivers_micro_d,
          chequers_serial_rivers_micro_c, chequers_serial_rivers_room_a
D:2:      layout_loops_ring, nicolae_ecumenical_oubliette,
          lexackson_kobold_supper
D:3:      kennysheep_big_flooded_room, layout_basic,
          nicolae_overflow_ecumenical_swirl, nicolae_overflow_crystal_walls,
          chequers_serial_rivers_micro_d, amcnicky_mini_rare_corridor_liquid,
          uniq_grinder
D:4:      layout_gridville, elyvilon_altar_4, lemuel_temple_firewalk_b,
          nicolae_grassy_gnolls
D:5:      minmay_octagon_keep, layout_layer_cave, lemuel_round_altar,
          nicolae_overflow_hidden_temple, solitary_fountain, uniq_ijyb
D:6:      layout_rooms, old_standard_altar, nicolae_shop_sticking_my_neck_out,
          uniq_duvessa
D:7:      layout_layer_cave, enter_bailey_5, kennysheep_generic_room_8
Temple:   cyrus_circular_temple
Bailey:   bailey_axe_of_yendor_kennysheep, bailey

Skill      XL: |  1  2  3  4  5  6  7  8  9 10 |
---------------+-------------------------------+-----
Shields        | 4 5 6 7 |  7.9
Armour         | 4 5 7 8 |  8.2
Fighting       | 4 5 6 7 |  7.3
Axes           | 3 5 6 8 9 |  9.6
Dodging        | 1 2 3 |  3.7
Stealth        | 1 |  1.5
Maces & Flails | 6 7 |  7.0
Throwing       | |  0.5
Invocations    | |  0.8

Action                   |  1- 3 |  4- 6 |  7- 9 | 10-12 || total
-------------------------+-------+-------+-------+-------++-------
Melee: War axe           |    97 |    66 |   120 |       ||   283
       Headbutt          |     5 |    12 |    39 |       ||    56
       Morningstar       |       |       |    98 |     3 ||   101
Throw: Dart              |       |     5 |       |       ||     5
Invok: Heroism           |       |       |     4 |       ||     4
  Use: Scroll            |     1 |     4 |     3 |       ||     8
       Potion            |       |     1 |       |       ||     1
Armor: Scale mail        |    48 |    32 |    58 |     1 ||   139
Dodge: Dodged            |    39 |    31 |    97 |       ||   167
Block: Buckler           |    60 |    40 |   137 |     2 ||   239
       Reflection        |     1 |     3 |       |       ||     4
